 Dungeon Crawl Stone Soup version 0.21.0-3-g78d12a8 (webtiles) character file.

560 MTVSty1e the Firebug (level 7, -10/40 HPs)
             Began as a Deep Elf Fire Elementalist on Jan 14, 2018.
             Killed from afar by Edmund (16 damage)
             ... with a wand of acid (6)
             ... on level 4 of the Dungeon.
             The game lasted 00:13:19 (6254 turns).

MTVSty1e the Firebug (Deep Elf Fire Elementalist)   Turns: 6254, Time: 00:13:20

Health: -10/40     AC: -1    Str:  5    XL:     7   Next: 9%
Magic:  11/16      EV: 13    Int: 22    God:
Gold:   163        SH:  0    Dex: 15    Spells: 10/16 levels left

rFire    + . .     SeeInvis .   e - +1 short sword
rCold    . . .     Gourm    .   (no shield)
rNeg     . . .     Faith    .   a - +0 robe
rPois    .         Spirit   .   (no helmet)
rElec    .         Reflect  .   (no cloak)
rCorr    .         Harm     .   (no gloves)
MR       .....                  r - +0 pair of boots
Stlth    ++........             (no amulet)
HPRegen  0.13/turn              k - ring of protection from fire
MPRegen  0.15/turn              (no ring)

@: corroded
A: no striking features
a: no special abilities


You were on level 4 of the Dungeon.
You were not hungry.

You visited 1 branch of the dungeon, and saw 4 of its levels.

You collected 163 gold pieces.

Inventory:

Hand Weapons
 e - a +1 short sword (weapon)
Armour
 a - a +0 robe (worn)
 n - a +1 pair of boots
 r - a +0 pair of boots (worn)
Jewellery
 k - a ring of protection from fire (left hand)
Wands
 m - a wand of polymorph (9)
Scrolls
 d - 2 scrolls of remove curse
 f - a scroll of enchant armour
 g - a scroll of teleportation
 i - 2 scrolls of identify
 j - 2 scrolls of enchant weapon
 o - a scroll of magic mapping
Potions
 h - a potion of resistance
 l - a potion of berserk rage
 q - a potion of haste
Books
 b - a book of Flames

   Spells                             Type                      Level
   a - Flame Tongue                   Conjuration/Fire             1
   b - Throw Flame                    Conjuration/Fire             2
   c - Conjure Flame                  Conjuration/Fire             3
   d - Inner Flame                    Hexes/Fire                   3
   e - Sticky Flame                   Conjuration/Fire             4
   f - Fireball                       Conjuration/Fire             5
Comestibles
 c - 7 rations


   Skills:
 + Level 2.4 Fighting
 - Level 2.4 Dodging
 - Level 2.4 Stealth
 + Level 5.3 Spellcasting
 + Level 3.6 Conjurations
 * Level 6.3 Fire Magic


You had 10 spell levels left.
You knew the following spells:

 Your Spells              Type           Power        Failure   Level  Hunger
a - Flame Tongue          Conj/Fire      ####.        1%          1    None
b - Fireball              Conj/Fire      ####......   34%         5    #####..


Dungeon Overview and Level Annotations

Branches:
Dungeon (4/15)
 Temple: D:4-7

Altars:

Annotations:
D:4 Edmund


Message History

Items here: ))) ? [ † Edmund shouts!
Edmund zaps a wand.
The bolt of acid hits you!
Ouch! That really hurt!
The acid corrodes you!
You are splashed with acid!
The acid burns!
* * * LOW HITPOINT WARNING * * *
It is a wand of acid (6).
Casting: Flame Tongue
Confirm with . or Enter, or press ? or * to list all spells.
The spell is very dangerous to cast!
Continue anyway?
Uppercase [Y]es or [N]o only, please.
The spell is very dangerous to cast!
Continue anyway?
Aiming: Fireball
Press: ? - help, Shift-Dir - straight line, f - Edmund
Aim: Edmund, wielding a flail of draining, wearing a chain mail and carrying a wand of acid (6)
The fireball explodes!
The fireball engulfs Edmund.
Edmund is moderately wounded.
Edmund says, "I might not be good at magic, but I can still kill you!"
Edmund zaps a wand.
The bolt of acid hits you!
You die...

........#### .......
...........## .......
............# .......
...........# .......
..........# #### .......
..........# ##..##.......
.........## ##....).......
.........)###...@)..[.....
.......##†.#.......@......
.#....####................
###..##
##................# # #.##
##................. ###
#.................
##.................
#.................#
##...............##


You could see Edmund.

Vanquished Creatures
  2 hounds (D:4)
  A bullfrog skeleton (D:4)
  5 orc wizards
  Ijyb (D:4)
  Terence (D:2)
  Natasha (twice) (D:2)
  A worker ant (D:4)
  Robin (D:4)
  3 gnolls (D:3)
  5 adders
  A worm (D:3)
  A dart slug (D:4)
  5 leopard geckos
  11 orcs
  4 ball pythons
  8 bats
  7 giant cockroaches
  16 hobgoblins
  3 jackals (D:4)
  6 kobolds
  A quokka (D:3)
  2 frilled lizards
  17 goblins
  A quokka skeleton (D:4)
  7 rats
112 creatures vanquished.

Notes
Turn   | Place    | Note
-------+----------+-------------------------------------------
     0 | D:1      | MTVSty1e the Deep Elf Fire Elementalist began the quest for the Orb.
     0 | D:1      | Reached XP level 1. HP: 10/10 MP: 6/6
   296 | D:1      | Reached XP level 2. HP: 11/16 MP: 4/8
  1153 | D:2      | You fall through a shaft!
  1169 | D:3      | Reached XP level 3. HP: 18/20 MP: 9/9
  1384 | D:2      | Reached skill level 4 in Fire Magic
  1627 | D:2      | Noticed Terence
  1712 | D:2      | Killed Terence
  1712 | D:2      | Reached skill level 1 in Fighting
  1712 | D:2      | Reached XP level 4. HP: 10/25 MP: 0/11
  2204 | D:2      | Noticed Natasha
  2211 | D:2      | Killed Natasha
  2233 | D:2      | Noticed Natasha
  2238 | D:2      | Killed Natasha
  2957 | D:3      | Reached XP level 5. HP: 29/29 MP: 10/13
  3095 | D:3      | Reached skill level 5 in Fire Magic
  3227 | D:3      | Learned a level 5 spell: Fireball
  4501 | D:4      | Reached XP level 6. HP: 35/35 MP: 10/14
  4597 | D:4      | Noticed Edmund
  5026 | D:4      | Noticed Robin
  5525 | D:4      | Noticed Ijyb
  5535 | D:4      | Killed Ijyb
  5809 | D:4      | Reached skill level 5 in Spellcasting
  5818 | D:4      | Reached skill level 6 in Fire Magic
  5984 | D:4      | Reached XP level 7. HP: 32/40 MP: 12/16
  6039 | D:4      | Killed Robin
  6254 | D:4      | Killed from afar by Edmund

Skill      XL: |  1  2  3  4  5  6 |
---------------+-------------------+-----
Fire Magic     | 4 5 6 |  6.3
Fighting       | 1 2 |  2.4
Conjurations   | 2 3 |  3.6
Spellcasting   | 4 5 |  5.3
Dodging        | |  2.4
Stealth        | |  2.4

Action                   |  1- 3 |  4- 6 |  7- 9 || total
-------------------------+-------+-------+-------++-------
Melee: Short sword       |    83 |   128 |     2 ||   213
       Unarmed           |     1 |       |       ||     1
 Cast: Flame Tongue      |    44 |   103 |    20 ||   167
       Fireball          |       |     1 |     1 ||     2
  Use: Potion            |     1 |     3 |       ||     4
       Scroll            |       |    13 |       ||    13
 Stab: Sleeping          |     5 |     3 |       ||     8
  Eat: Chunk             |     2 |     2 |       ||     4
       Ration            |       |     4 |       ||     4
Armor: Robe              |    18 |    39 |     3 ||    60
Dodge: Dodged            |    85 |   120 |    15 ||   220
